 Dungeon Crawl Stone Soup version 0.24.0-123-gd5b16e6ec5 (webtiles) character file.

Game seed: 8133861097825224760, levelgen mode: deterministic

59 mortelune the Firebug (level 4, -4/24 HPs)
             Began as a Gargoyle Fire Elementalist on Jan 3, 2020.
             Killed by divine providence
             ... invoked by an orc priest
              (12 damage)
             ... on level 3 of the Dungeon.
             The game lasted 00:05:18 (2671 turns).

mortelune the Firebug (Gargoyle Fire Elementalist)  Turns: 2671, Time: 00:05:18

Health: -4/24      AC:  5    Str: 16    XL:     4   Next: 3%
Magic:  1/7        EV: 12    Int: 17    God:
Gold:   30         SH:  0    Dex: 10    Spells: 0/8 levels left

rFire    . . .     SeeInvis .   b - +0 hand axe
rCold    . . .     Gourm    .   (no shield)
rNeg     + . .     Faith    .   a - +0 robe
rPois    ∞         Spirit   .   (no helmet)
rElec    +         Reflect  .   (no cloak)
rCorr    +         Harm     .   (no gloves)
MR       .....                  (no boots)
Stlth    ++........             (no amulet)
HPRegen  0.08/turn              h - +5 ring of strength
MPRegen  0.10/turn              j - ring of resist corrosion

@: very slightly contaminated
A: negative energy resistance 1, electricity resistance, unbreathing,
petrification resistance, rot immunity, AC +3
a: no special abilities


You were on level 3 of the Dungeon.
You were not hungry.

You visited 1 branch of the dungeon, and saw 3 of its levels.

You collected 30 gold pieces.

Inventory:

Hand Weapons
 b - a +0 hand axe (weapon)
Armour
 a - a +0 robe (worn)
Jewellery
 h - a +5 ring of strength (left hand)
 j - a ring of resist corrosion (right hand)
Scrolls
 d - a scroll of remove curse {unknown}
 e - 2 scrolls of teleportation {unknown}
 g - a scroll of identify {unknown}
Potions
 f - a potion of cancellation {unknown}
 i - 3 potions of heal wounds {unknown}
 k - a potion of flight {unknown}
Comestibles
 c - 3 rations


   Skills:
 - Level 1.5 Dodging
 - Level 2.1 Stealth
 + Level 2.5 Spellcasting
 * Level 2.6 Conjurations
 * Level 3.7 Fire Magic


You couldn't memorise any spells.
You knew the following spells:

 Your Spells              Type           Power        Failure   Level  Hunger
a - Flame Tongue          Conj/Fire      ##...        4%          1    #......
b - Sticky Flame          Conj/Fire      ##......     43%         4    #####..
c - Conjure Flame         Conj/Fire      ##......     14%         3    ###....

Your spell library contained the following spells:

 Spells                   Type           Power        Failure   Level  Hunger
 Throw Flame              Conj/Fire      ##....       8%          2    ##.....
 Inner Flame              Hex/Fire       #.......     26%         3    ###....
 Fireball                 Conj/Fire      ##........   80%         5    ######.


Dungeon Overview and Level Annotations

Branches:
Dungeon (3/15)

Altars:

Annotations:
D:2 Robin, Sigmund, Terence


Innate Abilities, Weirdness & Mutations

You are resistant to torment.
Your stone body is resilient. (AC +3)
You are immune to poison.
You resist negative energy. (rN+)
You are resistant to electric shocks. (rElec)
You can survive without breathing.
You are immune to petrification.
You are immune to rotting.


Message History

The orc wizard is moderately wounded.
The orc priest calls upon Beogh to heal the orc wizard.
The orc wizard's wounds heal themselves!
The orc wizard closely misses you.
The orc wizard gestures at you while chanting.
The magic dart hits you.
The orc wizard casts a spell.
The orc wizard flickers and vanishes!
Deactivating autopickup; reactivate with Ctrl-A.
A puff of flame appears from out of thin air!
The puff of flame misses you.
The orc priest invokes the aid of Beogh against you.
Pain shoots through your body!
* * * LOW HITPOINT WARNING * * *
Something tries to affect you, but you resist.
A worm comes into view.
The orc priest mumbles some strange prayers to Beogh against you.
Beogh smites you!
Ouch! That really hurt!
You die...

#.##(# #.# #)##.# ..# #.#
#.##.# #.# #.# #o##.# #.#
#.# #o##.# #.# #.# #.##.##
#.# #.#
#.##.#...###.#######.#
#.........oo.........######
######..........@......w..#
##...########.######.#
###.# #.# #.# #.# #.# #.#
#.# ##.# #.# #.# #..# #.#
#.# #.## #.# #.# #.# #.#
#.# #.# #.#


You could see a worm (wandering), an orc priest and an orc.

Vanquished Creatures
  An ooze (D:1)
  An orc (D:3)
  4 bats
  A giant cockroach (D:1)
  9 goblins
  10 hobgoblins
  6 jackals (D:1)
  7 kobolds (D:1)
  9 rats
48 creatures vanquished.

Notes
Turn   | Place    | Note
-------+----------+-------------------------------------------
     0 | D:1      | mortelune the Gargoyle Fire Elementalist began the quest
                  | for the Orb.
     0 | D:1      | Reached XP level 1. HP: 10/10 MP: 3/3
   335 | D:1      | Reached XP level 2. HP: 15/15 MP: 3/5
   743 | D:1      | Reached XP level 3. HP: 19/19 MP: 4/6
   748 | D:1      | Learned a level 3 spell: Conjure Flame
  1598 | D:2      | Noticed Sigmund
  1765 | D:2      | Noticed Robin
  2267 | D:2      | Noticed Terence
  2600 | D:3      | Reached XP level 4. HP: 24/24 MP: 5/7
  2639 | D:3      | Learned a level 4 spell: Sticky Flame
  2671 | D:3      | Killed from afar by an orc priest

Levels and vault maps discovered:
D:1:      onia_arrival_mini_spirals, layout_basic
D:2:      layout_loops_ring, dk_noncrumbling_3, uniq_terence, uniq_robin,
          uniq_sigmund
D:3:      layout_loops_ring

Skill      XL: |  1  2 |
---------------+-------+-----
Conjurations   | 2 |  2.6
Dodging        | |  1.5
Stealth        | |  2.1
Spellcasting   | |  2.5
Fire Magic     | |  3.7

Action                   |  1- 3 |  4- 6 || total
-------------------------+-------+-------++-------
Melee: Hand axe          |    82 |     2 ||    84
 Cast: Flame Tongue      |    41 |     5 ||    46
 Stab: Sleeping          |     1 |       ||     1
  Eat: Chunk             |     4 |       ||     4
       Ration            |     1 |       ||     1
Armor: Robe              |    35 |       ||    35
Dodge: Dodged            |   100 |     6 ||   106
